[Event "Titled Tuesday Blitz August 15 Early 2023"]
[White "Clawitter, Craig"]
[Black "Gontcharov, Vladislav"]
[WhiteFideId "2023105"]
[BlackFideId "4123492"]
[WhiteElo "2246"]
[BlackElo "2536"]
[Result "0-1"]
[Round "3"]
[TimeControl "180+1"]
[Date "2023.08.15"]
[WhiteClock "0:00:04"]
[BlackClock "0:00:31"]
[Board "157"]

1. e4 e6 2. d4 d5 3. e5 c5 4. c3 Nc6 5. Nf3 Nge7 6. Bd3 cxd4 7. cxd4 Nf5 8. Be3 Nxe3 9. fxe3 f5 10. exf6 Qxf6 11. O-O Qh6 12. Nc3 Bd6 13. Nb5 Bb8 14. Ne5 Nxe5 15. dxe5 Qxe3+ 16. Kh1 Qxe5 17. g3 a6 18. Qf3 axb5 19. Qf7+ Kd8 20. Rac1 Bd7 21. a3 Ra6 22. Rfe1 Qf6 23. Qh5 g6 24. Qe2 Rc6 25. Bxb5 Rxc1 26. Rxc1 Bxb5 27. Qxb5 Qf3+ 28. Kg1 Ba7+ 29. Rc5 Qe3+ 30. Kg2 Qxc5 0-1


[Site "https://www.chess.com"]

[Event "Titled Tuesday Blitz August 15 Early 2023"]
[White "ArtemDyachuk"]
[Black "Sarkar, Justin"]
[BlackFideId "2010011"]
[WhiteElo "2535"]
[BlackElo "2241"]
[Result "0-1"]
[Round "3"]
[TimeControl "180+1"]
[Date "2023.08.15"]
[WhiteClock "0:00:18"]
[BlackClock "0:00:04"]
[Board "158"]

1. e4 e5 2. Nf3 Nc6 3. Bc4 Nf6 4. d3 Bc5 5. O-O O-O 6. Bg5 h6 7. Bh4 Be7 8. Bg3 d6 9. c3 Nh5 10. d4 Bg4 11. h3 Nxg3 12. fxg3 Bxf3 13. Qxf3 exd4 14. Bxf7+ Kh8 15. Qh5 Bf6 16. Bb3 Qe7 17. Bc2 Bg5 18. Re1 Qe5 19. Kh2 Rf2 20. Re2 Raf8 21. Rxf2 Rxf2 22. Na3 dxc3 23. bxc3 Qxc3 24. Qe8+ Kh7 25. e5+ Rxc2 26. Nxc2 Qxc2 27. e6 Qe4 28. Rf1 Ne5 29. Rf8 Ng6 30. Rf7 h5 31. Qd7 Qe5 32. Qxc7 h4 33. Rf3 hxg3+ 34. Rxg3 Bf4 35. Qc3 Bxg3+ 36. Qxg3 Qxg3+ 37. Kh1 Ne7 38. Kg1 Nf5 39. Kf1 Ne7 40. Ke2 Nd5 41. Kd2 Ne7 42. Kc2 Qxg2+ 43. Kd3 Qxh3+ 44. Kd2 Qxe6 45. Kc3 Qxa2 46. Kd3 Nd5 47. Kd4 Qb3 48. Ke4 Qc3 49. Kf5 Qd3+ 50. Ke6 Qe4+ 51. Kd7 Nf6+ 52. Kd8 Qf4 53. Kc7 d5+ 54. Kc8 d4 55. Kd8 d3 56. Kc8 d2 57. Kd8 d1=Q+ 58. Kc8 Qd7# 0-1


[Site "https://www.chess.com"]

[Event "Titled Tuesday Blitz August 15 Early 2023"]
[White "EvgenyBurmakin"]
[Black "Toropov, Pavel"]
[BlackFideId "24129178"]
[WhiteElo "2235"]
[BlackElo "2532"]
[Result "1-0"]
[Round "3"]
[TimeControl "180+1"]
[Date "2023.08.15"]
[WhiteClock "0:00:09"]
[BlackClock "0:00:00"]
[Board "159"]

1. e4 e6 2. d4 d5 3. Nd2 dxe4 4. Nxe4 Nd7 5. Nf3 Ngf6 6. Nxf6+ Nxf6 7. Bd3 b6 8. Qe2 Bb7 9. Bg5 Be7 10. O-O-O O-O 11. Kb1 a5 12. Ne5 a4 13. a3 Ra5 14. h4 Kh8 15. c3 Qc8 16. Bxf6 Bxf6 17. Qh5 g6 18. Qg4 h5 19. Qf4 Kg7 20. f3 c5 21. g4 cxd4 22. cxd4 Rh8 23. Nxf7 Kxf7 24. g5 Qd8 25. gxf6 Qxf6 26. Qc7+ Qe7 27. Qxb6 Rd5 28. Rhg1 Rg8 29. Rc1 Qd6 30. Qxb7+ Kf6 31. Rc7 Qf8 32. Bc4 Rd6 33. Rc6 1-0


[Site "https://www.chess.com"]

[Event "Titled Tuesday Blitz August 15 Early 2023"]
[White "Benedetti, Julio"]
[Black "Schut, Han"]
[WhiteFideId "172545"]
[BlackFideId "1005561"]
[WhiteElo "2530"]
[BlackElo "2227"]
[Result "1-0"]
[Round "3"]
[TimeControl "180+1"]
[Date "2023.08.15"]
[WhiteClock "0:00:44"]
[BlackClock "0:00:00"]
[Board "160"]

1. e4 c5 2. Nc3 Nc6 3. f4 g6 4. Nf3 Bg7 5. Bc4 e6 6. f5 Nge7 7. fxe6 fxe6 8. d3 d5 9. Bb3 Nd4 10. O-O Nxb3 11. axb3 O-O 12. Bg5 d4 13. Na4 h6 14. Bxe7 Qxe7 15. Nb6 Rb8 16. Rxa7 e5 17. Nxc8 Rfxc8 18. Nd2 Qe6 19. Nc4 b5 20. Rff7 Bh8 21. Rae7 Qa6 22. Nd2 Rf8 23. Qf3 Qd6 24. Ra7 Qe6 25. Rxf8+ Rxf8 26. Qg3 1-0


[Site "https://www.chess.com"]

[Event "Titled Tuesday Blitz August 15 Early 2023"]
[White "le-castor-faineant"]
[Black "Ginzburg, Yakov"]
[BlackFideId "4157176"]
[WhiteElo "2181"]
[BlackElo "2529"]
[Result "0-1"]
[Round "3"]
[TimeControl "180+1"]
[Date "2023.08.15"]
[WhiteClock "0:01:56"]
[BlackClock "0:01:35"]
[Board "161"]

1. e4 c5 2. Nf3 e6 3. c3 d5 4. exd5 exd5 5. d4 Nf6 6. Bd3 c4 7. Bc2 Qe7+ 8. Qe2 Qxe2+ 9. Kxe2 Nc6 10. Re1 Bg4 11. h3 Bxf3+ 12. Kxf3+ Be7 13. Bf4 O-O 14. Nd2 Rfe8 15. g4 h6 16. Re2 b5 17. a3 a5 18. Rae1 b4 19. axb4 axb4 20. Bb1 bxc3 21. bxc3 Ra3 22. Bd6 Nxd4+ 23. Kg2 Nxe2 0-1


[Site "https://www.chess.com"]

[Event "Titled Tuesday Blitz August 15 Early 2023"]
[White "Degenbaev, Aziz"]
[Black "Pert, Nina"]
[WhiteFideId "13802640"]
[BlackFideId "456853"]
[WhiteElo "2521"]
[BlackElo "2178"]
[Result "1-0"]
[Round "3"]
[TimeControl "180+1"]
[Date "2023.08.15"]
[WhiteClock "0:00:06"]
[BlackClock "0:00:02"]
[Board "162"]

1. e4 c6 2. d4 d5 3. e5 Bf5 4. Nd2 e6 5. Nb3 a5 6. a4 Nd7 7. Nf3 h6 8. Be2 Ne7 9. O-O g5 10. Ne1 Bg6 11. f4 Nf5 12. Nd3 Qb6 13. c3 Bg7 14. Nbc5 Nxc5 15. Nxc5 gxf4 16. Bxf4 Qxb2 17. Rf3 Ne7 18. Bd3 Bh5 19. Rb1 Bxf3 20. Qxf3 Qxc3 21. Nxe6 fxe6 22. Bg6+ Nxg6 23. Qxc3 Nxf4 24. Qf3 O-O 25. Rxb7 c5 26. Qg4 Rf7 27. Rxf7 Kxf7 28. Qxf4+ Ke7 29. Qh4+ Kd7 30. Qg4 Bf8 31. dxc5 Bxc5+ 32. Kh1 Rf8 33. Qe2 Rb8 34. h4 Bd4 35. Kh2 Rb4 36. Qd3 Bxe5+ 37. Kh3 Rd4 38. Qh7+ Kd6 39. Qxh6 Rd3+ 40. Kg4 Rg3+ 41. Kh5 Ra3 42. Qf8+ Kc6 43. Qxa3 1-0


[Site "https://www.chess.com"]

[Event "Titled Tuesday Blitz August 15 Early 2023"]
[White "Aung Thant Zin"]
[Black "Lima, Kleyton Alcantara"]
[WhiteFideId "13000063"]
[BlackFideId "22718397"]
[WhiteElo "2150"]
[BlackElo "2519"]
[Result "0-1"]
[Round "3"]
[TimeControl "180+1"]
[Date "2023.08.15"]
[WhiteClock "0:00:34"]
[BlackClock "0:00:34"]
[Board "163"]

1. e4 c5 2. Nf3 d6 3. Bb5+ Nd7 4. O-O a6 5. Bxd7+ Bxd7 6. c3 e6 7. d4 cxd4 8. cxd4 Nf6 9. Nc3 Be7 10. e5 Nd5 11. Nxd5 exd5 12. exd6 Bxd6 13. Re1+ Be6 14. Ng5 Qf6 15. Nxe6 fxe6 16. Qg4 Kd7 17. Be3 Rac8 18. Rac1 Rhf8 19. f3 Rc6 20. Rxc6 bxc6 21. Bf2 Rb8 22. b3 Rb4 23. Qh5 Qg6 24. Qh3 a5 25. g3 Ke7 26. f4 Bxf4 27. Qf1 Bd6 28. Qa6 Kd7 29. Qxa5 Rb7 30. Qa6 Rc7 31. Qe2 Ke7 32. Kg2 h5 33. a4 h4 34. a5 Ra7 35. a6 hxg3 36. hxg3 Kd7 37. Ra1 Qf5 38. Qf3 Qxf3+ 39. Kxf3 Kc7 40. Kg4 Kb6 41. Kg5 Rxa6 42. Rxa6+ Kxa6 43. Kg6 Kb5 44. Be1 e5 45. Kxg7 exd4 46. Kf7 Bb4 47. Bf2 d3 48. Be3 d2 49. Bxd2 Bxd2 50. g4 Bc1 51. Ke6 d4 52. Ke5 0-1


[Site "https://www.chess.com"]

[Event "Titled Tuesday Blitz August 15 Early 2023"]
[White "Ordekalog"]
[Black "Daurelle, Herve"]
[BlackFideId "602655"]
[WhiteElo "2519"]
[BlackElo "2133"]
[Result "1-0"]
[Round "3"]
[TimeControl "180+1"]
[Date "2023.08.15"]
[WhiteClock "0:00:08"]
[BlackClock "0:00:00"]
[Board "164"]

1. d4 Nf6 2. c4 e6 3. Nc3 c5 4. e3 d5 5. Nf3 Nc6 6. a3 a6 7. dxc5 Bxc5 8. b4 Bd6 9. Bb2 Ne5 10. Nxe5 Bxe5 11. Rc1 O-O 12. c5 Bd7 13. Bd3 Ne4 14. Nxe4 Bxb2 15. Nd6 Bxc1 16. Qxc1 e5 17. Nxb7 Qg5 18. O-O Bh3 19. g3 Bxf1 20. Qxf1 e4 21. Bxa6 Qf6 22. Nd6 Qb2 23. b5 Qxa3 24. Nb7 Rxa6 25. bxa6 Ra8 26. c6 Qxa6 27. Nd6 Qxc6 28. Nf5 Qd7 29. Qh3 1-0


[Site "https://www.chess.com"]

[Event "Titled Tuesday Blitz August 15 Early 2023"]
[White "Sava, Christiansen-Danut-Eugen"]
[Black "Bach Ngoc Thuy Duong"]
[WhiteFideId "1210114"]
[BlackFideId "12408956"]
[WhiteElo "2131"]
[BlackElo "2518"]
[Result "0-1"]
[Round "3"]
[TimeControl "180+1"]
[Date "2023.08.15"]
[WhiteClock "0:00:00"]
[BlackClock "0:00:05"]
[Board "165"]

1. d4 d5 2. c4 e6 3. g3 c6 4. Bg2 Nf6 5. Bf1 dxc4 6. Bg2 b5 7. Nf3 Bb7 8. O-O Nbd7 9. a4 a6 10. Nbd2 Be7 11. e4 O-O 12. e5 Nd5 13. Ne4 h6 14. g4 c5 15. g5 h5 16. h4 cxd4 17. Qxd4 Qb6 18. Qxb6 N7xb6 19. g6 fxg6 20. axb5 axb5 21. Rxa8 Bxa8 22. Bg5 Bxg5 23. Nexg5 Nf4 24. Bh1 Nbd5 25. Nd4 Nc7 26. Bxa8 Rxa8 27. Kh2 Ra6 28. Kg3 Nd3 29. b3 cxb3 30. Nxb3 Nxe5 31. Nc5 Rc6 32. Nce4 Nd5 33. Rb1 b4 34. f3 Nd7 35. Rb2 Kf8 36. Nd2 Ke7 37. Nb3 Rc4 38. Re2 Nf8 39. Na5 Rc3 40. Rb2 Nd7 41. Re2 Nc5 42. Kf2 b3 43. Kg3 Rc2 44. Re1 b2 45. Rb1 Nc3 46. Rxb2 Rxb2 47. Nc4 Rc2 48. Ne5 Ne2+ 49. Kh3 Nf4+ 50. Kg3 Ncd3 51. Nxd3 Nxd3 52. Ne4 e5 53. Ng5 Nf4 0-1


[Site "https://www.chess.com"]

[Event "Titled Tuesday Blitz August 15 Early 2023"]
[White "Larina, Maria"]
[Black "Kuzmin, Roman"]
[WhiteFideId "24113182"]
[BlackFideId "44134932"]
[WhiteElo "2117"]
[BlackElo "2518"]
[Result "0-1"]
[Round "3"]
[TimeControl "180+1"]
[Date "2023.08.15"]
[WhiteClock "0:00:07"]
[BlackClock "0:00:18"]
[Board "166"]

1. e4 c5 2. Nc3 d6 3. d4 cxd4 4. Qxd4 Nf6 5. b3 Nc6 6. Qd2 e6 7. Bb2 d5 8. exd5 exd5 9. O-O-O Be6 10. Nf3 Bb4 11. a3 Ne4 12. Qe1 Nxc3 13. Bxc3 Bxa3+ 14. Kb1 O-O 15. Ne5 Be7 16. Nxc6 bxc6 17. Bd3 Bf6 18. f4 Bg4 19. Rc1 a5 20. h3 Bd7 21. g4 Re8 22. Qd2 a4 23. b4 a3 24. g5 a2+ 25. Ka1 Bxc3+ 26. Qxc3 Qb6 27. f5 Ra4 28. g6 Qxb4 29. gxh7+ Kh8 30. Qxb4 Rxb4 31. f6 g6 32. h4 Bf5 33. h5 Bxd3 34. cxd3 gxh5 35. Rxh5 Reb8 36. Rhh1 Rb1+ 37. Rxb1 Rxb1+ 38. Rxb1 axb1=Q+ 39. Kxb1 Kxh7 40. Kb2 Kg6 41. Kc3 Kxf6 42. Kd4 Ke6 43. Kc5 Kd7 44. Kd4 Kd6 45. Ke3 c5 46. d4 cxd4+ 47. Kxd4 f5 0-1


[Site "https://www.chess.com"]

[Event "Titled Tuesday Blitz August 15 Early 2023"]
[White "Souza Neves, Andrey M."]
[Black "Tikhonov, Viacheslav"]
[WhiteFideId "2101815"]
[BlackFideId "44196407"]
[WhiteElo "2108"]
[BlackElo "2514"]
[Result "0-1"]
[Round "3"]
[TimeControl "180+1"]
[Date "2023.08.15"]
[WhiteClock "0:00:00"]
[BlackClock "0:00:35"]
[Board "167"]

1. d4 d5 2. c4 e6 3. Nc3 Nf6 4. Nf3 Bb4 5. cxd5 exd5 6. Bg5 h6 7. Bxf6 Qxf6 8. e3 O-O 9. Qb3 c5 10. Be2 Nc6 11. O-O Bxc3 12. bxc3 c4 13. Qb5 Rd8 14. a4 a6 15. Qb6 Qd6 16. Ne5 Be6 17. Nxc6 Qxc6 18. Qxc6 bxc6 19. Rab1 Rdb8 20. a5 Rb5 21. Rxb5 cxb5 22. Rb1 Kf8 23. f3 Bf5 24. Rb2 Ke7 25. g4 Bg6 26. h4 Kd6 27. Kf2 f6 28. Kg3 Re8 29. Kf4 Bh7 30. h5 Re7 31. Bf1 Re8 32. Bg2 Bd3 33. e4 Ke6 34. Ke3 Kd6 35. Kf4 Re7 36. Ke3 Rb7 37. Rb4 Ke6 38. Kf4 Rf7 39. Ke3 Rf8 40. Kf4 Rg8 41. Ke3 g6 42. hxg6 Rxg6 43. Kf4 Rg5 44. exd5+ Kxd5 0-1


[Site "https://www.chess.com"]

[Event "Titled Tuesday Blitz August 15 Early 2023"]
[White "Seifert, Henryk"]
[Black "LeoLV10"]
[WhiteFideId "1100963"]
[WhiteElo "2043"]
[BlackElo "2510"]
[Result "1-0"]
[Round "3"]
[TimeControl "180+1"]
[Date "2023.08.15"]
[WhiteClock "0:01:34"]
[BlackClock "0:01:18"]
[Board "168"]

1. e4 c6 2. d4 d5 3. exd5 cxd5 4. Bd3 Nc6 5. c3 Nf6 6. Bf4 g6 7. Nf3 Bg7 8. Nbd2 O-O 9. h3 Re8 10. O-O a6 11. Re1 b5 12. a3 Qb6 13. Ne5 a5 14. Qe2 Ba6 15. Nb3 Rab8 16. Nc5 Bc8 17. Nxc6 Qxc6 18. Bxb8 Bxh3 19. Be5 Bg4 20. f3 Bc8 21. Bxb5 1-0


[Site "https://www.chess.com"]

[Event "Titled Tuesday Blitz August 15 Early 2023"]
[White "Rodchenkov, Sergey D."]
[Black "Osiecki, Stanislaw"]
[WhiteFideId "4168712"]
[BlackFideId "1102990"]
[WhiteElo "2508"]
[BlackElo "2049"]
[Result "1-0"]
[Round "3"]
[TimeControl "180+1"]
[Date "2023.08.15"]
[WhiteClock "0:00:24"]
[BlackClock "0:00:00"]
[Board "169"]

1. e4 e6 2. d4 d5 3. Nc3 Bb4 4. e5 c5 5. a3 Bxc3+ 6. bxc3 Qc7 7. Qg4 f5 8. Qg3 cxd4 9. cxd4 Ne7 10. Bd3 Qc3+ 11. Ke2 Qxa1 12. Nf3 Qc3 13. Qxg7 Rg8 14. Qxh7 Nbc6 15. Be3 Bd7 16. Qh5+ Kd8 17. Rb1 Kc7 18. Bd2 Qxa3 19. g3 Rac8 20. c3 Kb8 21. h4 Na5 22. Qf7 Nc4 23. Bxc4 dxc4 24. h5 Rcf8 25. Qh7 Rh8 26. Qg7 Rfg8 27. Qf6 Nd5 28. Qf7 Bc6 29. Rc1 Qe7 30. Qxe7 Nxe7 31. Ng5 Bd7 32. Rh1 Rg7 33. h6 Rg6 34. h7 Rg7 35. Rh6 Rg6 36. Rh5 Rg7 37. Bc1 Ng6 38. Ba3 a5 39. d5 exd5 40. Bd6+ Ka7 41. e6 Be8 42. Rh6 1-0


[Site "https://www.chess.com"]

[Event "Titled Tuesday Blitz August 15 Early 2023"]
[White "Samarth J Rao"]
[Black "djathtaspogradec"]
[WhiteFideId "46652370"]
[WhiteElo "1993"]
[BlackElo "2507"]
[Result "1-0"]
[Round "3"]
[TimeControl "180+1"]
[Date "2023.08.15"]
[WhiteClock "0:00:11"]
[BlackClock "0:00:01"]
[Board "170"]

1. e4 g6 2. g3 Bg7 3. Bg2 c5 4. Ne2 Nc6 5. Nbc3 e6 6. O-O Nge7 7. d3 d5 8. exd5 exd5 9. Nf4 d4 10. Ncd5 O-O 11. Nxe7+ Nxe7 12. Re1 Rb8 13. Nh3 Nd5 14. Nf4 Nc7 15. Qe2 Re8 16. Qd1 Rxe1+ 17. Qxe1 Bf5 18. Bd2 Qd6 19. Qf1 b5 20. Re1 Rc8 21. Bf3 h5 22. Qg2 c4 23. Be4 Bd7 24. Ba5 Ne6 25. Nxe6 Bxe6 26. a3 cxd3 27. Bxd3 Qd7 28. Qf3 Bg4 29. Qf4 Kh7 30. Qg5 Bh6 31. Qe7 Bf8 32. Qxd7 Bxd7 33. Re5 Bg7 34. Rxh5+ Kg8 35. Rd5 Bc6 36. Rd8+ Rxd8 37. Bxd8 Kf8 38. Bc7 Ke8 39. Bb8 a6 40. Ba7 Kd7 41. Bc5 Ke6 42. f4 Kd5 43. b4 f5 44. Kf2 Bd7 45. Be2 Be6 46. Bd3 Bd7 47. h3 Bf6 48. Kf3 Bg7 49. g4 Bf6 50. Be2 Bg7 51. Be7 Ke6 52. Bd8 Kd5 53. Bd3 Bf8 54. gxf5 gxf5 55. h4 Be6 56. h5 Bf7 57. Bxf5 Bxh5+ 58. Bg4 Bf7 59. Ke2 Kc4 60. Kd2 Bd6 61. Be2+ Kd5 62. Bg5 Ke4 63. Bd3+ Kf3 64. f5 Kg4 65. Bf6 Bf4+ 66. Ke2 Bc1 67. Bxd4 Bxa3 68. Bc3 Bc1 69. f6 Bg5 70. Be4 Kf4 71. Bb7 Kf5 72. Bc8+ Kg6 73. Bxa6 Bc4+ 74. Kf3 Kf7 75. Ke4 Ke6 76. Bb7 Kd6 77. Kf5 Bh6 78. Kg6 Bf8 79. Bd4 Ke6 80. Bc5 Bd6 81. f7 Bxc5 82. bxc5 Ke7 83. c6 Bxf7+ 84. Kf5 Bd5 85. Ke5 Bh1 86. Kd4 b4 87. Kc5 Kd8 88. Kb6 Ke7 89. c7 1-0


[Site "https://www.chess.com"]

[Event "Titled Tuesday Blitz August 15 Early 2023"]
[White "Skiadopoulos, Nikolaos"]
[Black "maksimys18"]
[WhiteFideId "4200772"]
[WhiteElo "1881"]
[BlackElo "2507"]
[Result "0-1"]
[Round "3"]
[TimeControl "180+1"]
[Date "2023.08.15"]
[WhiteClock "0:01:27"]
[BlackClock "0:02:12"]
[Board "171"]

1. e4 e6 2. d4 d5 3. e5 c5 4. c3 Qb6 5. Nf3 Bd7 6. Bd3 Bb5 7. O-O Bxd3 8. Qxd3 Nc6 9. dxc5 Bxc5 10. b4 Bf8 11. b5 Nce7 12. Be3 Qc7 13. Bd4 Nh6 14. Nbd2 Nhf5 15. g4 Nh6 16. h3 Ng6 17. Qe3 Be7 18. Bxa7 O-O 19. Bd4 f6 20. exf6 Bxf6 21. Bxf6 Rxf6 22. g5 Nf5 23. Qe2 Nf4 24. Qd1 Nxh3+ 25. Kg2 Nf4+ 26. Kg1 Rg6 27. c4 Nh3+ 28. Kg2 Nxg5 29. Nxg5 Rxg5+ 30. Kh3 Rg3+ 0-1


[Site "https://www.chess.com"]

[Event "Titled Tuesday Blitz August 15 Early 2023"]
[White "cthake"]
[Black "Ziatdinov, Raset"]
[BlackFideId "2015323"]
[WhiteElo "1823"]
[BlackElo "2343"]
[Result "0-1"]
[Round "3"]
[TimeControl "180+1"]
[Date "2023.08.15"]
[WhiteClock "0:00:34"]
[BlackClock "0:00:45"]
[Board "172"]

1. c4 Nf6 2. Nc3 g6 3. d3 Bg7 4. e4 d6 5. g3 O-O 6. Bg2 Nc6 7. Nge2 e5 8. O-O Nh5 9. h3 f5 10. f4 exf4 11. gxf4 Nd4 12. Be3 Nxe2+ 13. Qxe2 Ng3 14. Qf2 Nxf1 15. Rxf1 c6 16. d4 fxe4 17. Nxe4 Bf5 18. Rd1 Qd7 19. Kh2 Rae8 20. Ng5 h6 21. Nf3 Qf7 22. b3 Be4 23. Rg1 g5 24. Nd2 Bxg2 25. Qxg2 gxf4 26. Bxf4 Qxf4+ 27. Kh1 Qxd4 28. Nf3 Qf6 29. Nh4 Re7 30. Ng6 Ref7 31. Nxf8 Rxf8 32. Qg4 Qf3+ 33. Qxf3 Rxf3 34. Kg2 Rd3 0-1


[Site "https://www.chess.com"]

[Event "Titled Tuesday Blitz August 15 Early 2023"]
[White "Da Paz, Leonardo Gadelha"]
[Black "Shcherbin, Matvei"]
[WhiteFideId "2109743"]
[BlackFideId "24125164"]
[WhiteElo "1868"]
[BlackElo "2736"]
[Result "0-1"]
[Round "3"]
[TimeControl "180+1"]
[Date "2023.08.15"]
[WhiteClock "0:01:48"]
[BlackClock "0:02:05"]
[Board "173"]

1. e4 c5 2. Nf3 e6 3. Nc3 Nc6 4. a3 Nf6 5. d4 cxd4 6. Nxd4 Bc5 7. Nxc6 bxc6 8. e5 Nd5 9. Ne4 Be7 10. Qg4 g6 11. Bh6 Qb6 12. Bc1 f5 13. exf6 Nxf6 14. Nxf6+ Bxf6 15. Bd3 Bxb2 16. Rb1 Bc3+ 17. Kd1 Qxb1 18. Bxg6+ hxg6 19. Qxg6+ Kd8 20. Ke2 Qb5+ 0-1


[Site "https://www.chess.com"]

[Event "Titled Tuesday Blitz August 15 Early 2023"]
[White "sebastianmarinp"]
[Black "Zavgorodniy, Sergiy"]
[BlackFideId "14110148"]
[WhiteElo "2392"]
[BlackElo "2586"]
[Result "1/2-1/2"]
[Round "3"]
[TimeControl "180+1"]
[Date "2023.08.15"]
[WhiteClock "0:00:09"]
[BlackClock "0:01:07"]
[Board "174"]

1. e4 c6 2. d4 d5 3. e5 Bf5 4. Nf3 e6 5. Be2 Nd7 6. Nbd2 a6 7. Nb3 c5 8. Be3 Rc8 9. dxc5 Nxc5 10. Nfd4 Bg6 11. O-O Nxb3 12. axb3 Ne7 13. f4 Nf5 14. Nxf5 Bxf5 15. c3 Bc5 16. Bxc5 Rxc5 17. b4 Rc8 18. Qd4 O-O 19. b5 axb5 20. Bxb5 Qc7 21. h3 Be4 22. Be2 Ra8 23. Kf2 h6 24. Bf3 Bxf3 25. Kxf3 b6 26. g4 Ra7 27. Rxa7 Qxa7 28. f5 Rc8 29. Kg3 Rc4 30. Qf2 Rc8 31. f6 Qc7 32. Qf4 Qc4 33. fxg7 Qxf4+ 34. Rxf4 Kxg7 35. Rb4 Rc6 36. Kf4 f6 37. h4 Kg6 38. exf6 Kxf6 39. g5+ hxg5+ 40. hxg5+ Kg6 41. Kg4 e5 42. Rb5 Rd6 43. c4 dxc4 44. Rxe5 Rd4+ 45. Kf3 Rd3+ 46. Ke4 Rb3 47. Kd4 b5 48. Re2 Kxg5 49. Kc5 Kf4 50. Kd4 Kf3 51. Rc2 Kf4 52. Rf2+ Kg5 53. Kc5 Kg4 54. Kd4 Kg3 55. Rc2 Kg4 56. Rg2+ Kf5 57. Rc2 Ke6 58. Kc5 Ke5 59. Re2+ Kf5 60. Kd4 Kf6 61. Kc5 Kf7 62. Kd4 Kg6 63. Kc5 Kg5 64. Kd4 Kg4 65. Rf2 Kg3 66. Rc2 Kf3 67. Rc3+ Rxc3 68. Kxc3 Ke3 69. Kb4 Kd3 70. Kxb5 c3 71. bxc3 Kxc3 1/2-1/2


[Site "https://www.chess.com"]

[Event "Titled Tuesday Blitz August 15 Early 2023"]
[White "Vafin, Ayrat"]
[Black "Camilla_Lee"]
[WhiteFideId "4146530"]
[WhiteElo "2384"]
[BlackElo "2520"]
[Result "1/2-1/2"]
[Round "3"]
[TimeControl "180+1"]
[Date "2023.08.15"]
[WhiteClock "0:00:10"]
[BlackClock "0:00:20"]
[Board "175"]

1. Nf3 d5 2. g3 Nf6 3. Bg2 c6 4. O-O Bg4 5. d4 e6 6. Nbd2 Nbd7 7. Re1 Be7 8. e4 dxe4 9. Nxe4 Nxe4 10. Rxe4 Bf5 11. Re1 h6 12. c3 O-O 13. Qb3 Qb6 14. Be3 Qxb3 15. axb3 a6 16. b4 Nf6 17. Ne5 Nd5 18. Nc4 Bd3 19. Na5 Ra7 20. Bd2 Rd8 21. Nb3 Nb6 22. Nc5 Bf5 23. Bf1 Nd5 24. Bc4 Bf6 25. Kg2 Nb6 26. Be2 Nd7 27. Bf4 Nxc5 28. bxc5 Be4+ 29. f3 Bc2 30. Bc4 Raa8 31. h4 g5 32. hxg5 hxg5 33. Be5 Kg7 34. Re2 Bg6 35. Rh1 Rh8 36. Rxh8 Rxh8 37. Bxf6+ Kxf6 38. Re1 Re8 39. Re5 Rh8 40. Re1 Bf5 41. b4 Bg6 42. Bb3 Re8 43. Bc4 e5 44. dxe5+ Rxe5 45. Rxe5 Kxe5 46. Kf2 f6 47. Ke3 Bc2 48. f4+ gxf4+ 49. gxf4+ Kf5 50. Bg8 Bd1 51. Bh7+ Ke6 52. Bg8+ Ke7 53. Kd4 Bg4 54. Bh7 Be6 55. Ke4 Kf7 56. Bf5 Ke7 57. Bxe6 Kxe6 58. f5+ Kf7 59. Kf4 Kg7 60. Kg4 Kh6 61. Kh4 Kg7 62. Kh5 Kh7 63. Kg4 Kh6 64. Kh4 Kg7 65. Kg4 Kh7 66. Kf4 Kh6 67. Kg4 Kg7 68. Kh5 Kh7 69. c4 Kg7 70. Kh4 Kh6 71. Kg4 Kh7 72. Kh5 Kg7 73. Kg4 Kh6 74. Kh4 Kh7 75. Kh5 1/2-1/2


[Site "https://www.chess.com"]

[Event "Titled Tuesday Blitz August 15 Early 2023"]
[White "Iunusovnuriddin"]
[Black "Lehtosaari, Mauri"]
[BlackFideId "501999"]
[WhiteElo "2324"]
[BlackElo "2510"]
[Result "1/2-1/2"]
[Round "3"]
[TimeControl "180+1"]
[Date "2023.08.15"]
[WhiteClock "0:00:04"]
[BlackClock "0:00:02"]
[Board "176"]

1. e4 d5 2. exd5 Qxd5 3. Nc3 Qd8 4. d3 Nf6 5. g3 Bg4 6. Qd2 c5 7. Bg2 Nc6 8. h3 Bd7 9. Nge2 g6 10. O-O Bg7 11. Ne4 b6 12. Nxf6+ exf6 13. Qe3+ Qe7 14. Qxe7+ Kxe7 15. Re1 Kd8 16. c3 Re8 17. Bf4 g5 18. Be3 Rc8 19. d4 c4 20. g4 Ne7 21. Ng3 Bc6 22. Bxc6 Rxc6 23. a4 Nd5 24. Bd2 Rce6 25. Nf5 Bf8 26. Ne3 Nxe3 27. Rxe3 Rxe3 28. Bxe3 Kd7 29. Kg2 Kd6 30. Kf3 Kd5 31. Rh1 h6 32. Re1 Re6 33. Bd2 Rxe1 34. Bxe1 a6 35. Bd2 Bd6 36. Ke2 Ke4 37. f3+ Kd5 38. Kd1 Ke6 39. Kc2 f5 40. b3 b5 41. axb5 axb5 42. bxc4 bxc4 43. Kb2 fxg4 44. hxg4 f5 45. Kc2 fxg4 46. fxg4 Kd5 47. Kd1 Ke4 48. Ke2 Bg3 49. Bc1 Bf4 50. Ba3 Bc7 51. Bc1 Bf4 52. Ba3 Bc7 53. Bc1 Bb8 54. Bd2 Bc7 55. Bc1 1/2-1/2


[Site "https://www.chess.com"]

[Event "Titled Tuesday Blitz August 15 Early 2023"]
[White "Kovalevsky, Stanislav"]
[Black "Dilmukhametov, Artur"]
[WhiteFideId "13508598"]
[BlackFideId "24179922"]
[WhiteElo "2509"]
[BlackElo "2300"]
[Result "1-0"]
[Round "3"]
[TimeControl "180+1"]
[Date "2023.08.15"]
[WhiteClock "0:00:29"]
[BlackClock "0:00:00"]
[Board "177"]

1. c4 Nf6 2. Nc3 g6 3. g3 d6 4. Bg2 Bg7 5. e4 e5 6. Nge2 O-O 7. O-O Nbd7 8. h3 Nh5 9. d4 f5 10. exf5 gxf5 11. dxe5 Nxe5 12. Nf4 Nxf4 13. Bxf4 Be6 14. c5 Kh8 15. cxd6 cxd6 16. Qa4 Nd3 17. Rad1 Nxf4 18. Qxf4 Be5 19. Qb4 Rg8 20. Rfe1 Qf6 21. Rd3 f4 22. gxf4 Qf7 23. fxe5 dxe5 24. Qd6 Rg5 25. Rxe5 1-0


[Site "https://www.chess.com"]

[Event "Titled Tuesday Blitz August 15 Early 2023"]
[White "Shishkov, Andrei"]
[Black "Zampronha, Wladimir Camilo"]
[WhiteFideId "4500563"]
[BlackFideId "2103087"]
[WhiteElo "2499"]
[BlackElo "2238"]
[Result "1-0"]
[Round "3"]
[TimeControl "180+1"]
[Date "2023.08.15"]
[WhiteClock "0:00:17"]
[BlackClock "0:00:49"]
[Board "178"]

1. d4 Nf6 2. c4 e6 3. Nc3 Bb4 4. Qc2 O-O 5. e4 d5 6. e5 Ne4 7. Bd3 c5 8. Nf3 Nc6 9. O-O cxd4 10. Nxe4 dxe4 11. Bxe4 h6 12. a3 Be7 13. Rd1 Qc7 14. Bf4 Rd8 15. b4 a6 16. Bxc6 bxc6 17. Nxd4 c5 18. bxc5 Bxc5 19. Nb3 Bb7 20. Nxc5 Qxc5 21. Qc3 Rac8 22. h4 Qc6 23. Qg3 Kh8 24. Rd6 Qxc4 25. Rad1 Bd5 26. Qe3 Kh7 27. Rd4 Qb3 28. Qxb3 Rxd6 29. Qd3+ 1-0


[Site "https://www.chess.com"]

[Event "Titled Tuesday Blitz August 15 Early 2023"]
[White "Thiel, Thomas"]
[Black "Rodriguez, Santiago"]
[WhiteFideId "4615964"]
[BlackFideId "3000591"]
[WhiteElo "2229"]
[BlackElo "2475"]
[Result "0-1"]
[Round "3"]
[TimeControl "180+1"]
[Date "2023.08.15"]
[WhiteClock "0:02:06"]
[BlackClock "0:02:20"]
[Board "179"]

1. e4 d5 2. exd5 Nf6 3. d4 Bg4 4. f3 Bf5 5. c4 e6 6. Nc3 exd5 7. c5 Be7 8. Bd3 Bxd3 9. Qxd3 O-O 10. Nge2 b6 11. b4 a5 12. bxa5 bxc5 13. O-O cxd4 14. Qxd4 c5 15. Qd1 d4 16. Ne4 Nxe4 17. fxe4 d3 18. Nf4 Qd4+ 0-1


[Site "https://www.chess.com"]